 Dungeon Crawl Stone Soup version 0.17-a0-737-gf0a300a (webtiles) character file.

101 Leibowitz the Cutter (level 5, -2/31 HPs)
             Began as a Kobold Gladiator on Apr 27, 2015.
             Was an Initiate of Okawaru.
             Shot with an arrow by a centaur (12 damage)
             ... on level 3 of the Dungeon.
             The game lasted 00:05:52 (2013 turns).

Leibowitz the Cutter (Kobold Gladiator)             Turns: 2013, Time: 00:05:52

Health: -2/31      AC:  4    Str: 13    XL:     5   Next: 4%
Magic:  5/5        EV: 17    Int:  6    God:    Okawaru [......]
Gold:   64         SH:  0    Dex: 18    Spells: 0 memorised, 4 levels left

rFire  . . .     SeeInvis .     a - +0 rapier
rCold  . . .     Clarity  .     b - +0 leather armour
rNeg   + . .     SustAb   .     (shield restricted)
rPois  .         Gourm    .     c - +0 helmet
rElec  .         Spirit   .     (no cloak)
rCorr  .         Warding  .     (no gloves)
rMut   .         Stasis   .     (no boots)
MR     .....                    (no amulet)
Stlth  ++........               (no ring)
                                l - ring of positive energy

@: not resistant to hostile enchantments, unstealthy
A: carnivore 3
a: Renounce Religion


You were on level 3 of the Dungeon.
You worshipped Okawaru.
Okawaru was noncommittal.
You were completely stuffed.

You visited 1 branch of the dungeon, and saw 3 of its levels.

You collected 64 gold pieces.

Inventory:

Hand weapons
 a - a +0 rapier (weapon)
Missiles
 d - 2 throwing nets (quivered)
Armour
 b - a +0 leather armour (worn)
 c - a +0 helmet (worn)
Jewellery
 l - a ring of positive energy (left hand)
Scrolls
 g - a scroll of noise {unknown}
 h - a scroll of fear {unknown}
 i - a scroll of immolation {unknown}
 j - 2 scrolls of identify {unknown}
 n - a scroll of enchant armour {unknown}
Potions
 f - 2 potions of curing {unknown}
 k - a potion of heal wounds {unknown}
Comestibles
 e - 2 meat rations
 m - 2 chunks of flesh


   Skills:
 + Level 2.7 Fighting
 + Level 5.0 Short Blades
 + Level 3.1 Throwing
 + Level 0.8 Armour
 + Level 4.7 Dodging
 + Level 1.1 Stealth


You had 4 spell levels left.
You didn't know any spells.

Dungeon Overview and Level Annotations

Branches:
Dungeon (3/15)

Altars:
Okawaru
Qazlal
Sif Muna
Xom
Zin
The Shining One

Shops:
D:2 *


Innate Abilities, Weirdness & Mutations

You are small and have problems with some larger weapons.
You are carnivorous and can eat meat at any time.


Message History

The bat closely misses you.
You puncture the bat!
You kill the bat!
Okawaru accepts your kill.
You see here a bat corpse.
Found a spear.
n - a scroll labeled BOGGAD JOTIK
Things that are here:
a dagger; a goblin skeleton You see here a stone.
You see here a stone.
You now have 64 gold pieces (gained 12).
A centaur comes into view.
A centaur is nearby!
The centaur shouts!
The centaur wields a shortbow.
The centaur shoots an arrow.
The arrow hits you!
The centaur shoots an arrow.
The arrow hits you!
You see here 2 arrows.
The centaur shoots an arrow.
The arrow hits you!
You die...

.>.# #..## #.##
..## ##>.#####.#
..# ##..##...# .##
##.##.### .#
#.##.# .# #.##.#
.### #.##(# )..##
#.##.# ....#
#.##@# ..†.#
#.##.#
...##########.##.#
..............##.#
.###############c#
.. ..# ## .## #


You could see a centaur.

Vanquished Creatures
  A worker ant (D:3)
  3 adders
  An ooze (D:1)
  A giant gecko (D:2)
  2 giant cockroaches
  8 goblins
  7 hobgoblins
  6 bats
  3 giant newts
  4 kobolds
  7 rats
43 creatures vanquished.

Notes
Turn   | Place    | Note
--------------------------------------------------------------
     0 | D:1      | Leibowitz, the Kobold Gladiator, began the quest for the Orb.
     0 | D:1      | Reached XP level 1. HP: 12/12 MP: 1/1
    87 | D:1      | Reached XP level 2. HP: 12/18 MP: 2/2
   447 | D:1      | Reached XP level 3. HP: 22/22 MP: 3/3
   721 | D:2      | Found Zin's Purification Station.
   724 | D:2      | Found a glowing silver altar of Zin.
  1088 | D:2      | Found a stormy altar of Qazlal.
  1201 | D:2      | Found an iron altar of Okawaru.
  1205 | D:2      | Became a worshipper of Warmaster Okawaru
  1508 | D:2      | Reached XP level 4. HP: 27/27 MP: 4/4
  1875 | D:3      | Found a deep blue altar of Sif Muna.
  1882 | D:3      | Found a shimmering altar of Xom.
  1902 | D:3      | Reached skill level 5 in Short Blades
  1902 | D:3      | Reached skill level 1 in Stealth
  1902 | D:3      | Reached XP level 5. HP: 31/31 MP: 5/5
  1903 | D:3      | Found a glowing golden altar of the Shining One.
  2010 | D:3      | Noticed a centaur
  2013 | D:3      | Shot with an arrow by a centaur

Action                   |  1- 3 |  4- 6 || total
-------------------------+-------+-------++-------
Melee: Rapier            |   112 |    66 ||   178
Throw: Throwing net      |     3 |     2 ||     5
 Stab: Held in net/web   |     1 |     2 ||     3
       Sleeping          |       |     1 ||     1
  Eat: Chunk             |    10 |     2 ||    12
